 Dungeon Crawl Stone Soup version 0.30.1 (webtiles) character file.

Game seed: 17727263502473332394

3642 GeoRichter the Zephyrmancer (level 9, 0/65 HPs)
             Began as a Demonspawn Air Elementalist on July 10, 2023.
             Was a Follower of Cheibriados.
             Slain by an unseen horror zombie (3 damage)
             ... on level 8 of the Dungeon.
             The game lasted 00:16:04 (8989 turns).

GeoRichter the Zephyrmancer (DsAE)                  Turns: 8989, Time: 00:16:05

Health: 0/65       AC:  5    Str: 11    XL:     9   Next: 88%
Magic:  15/24      EV: 11    Int: 22    God:    Cheibriados [*.....]
Gold:   292        SH:  3    Dex: 16    Spells: 9/16 levels left

rFire   . . .        a - +3 spear (freeze)
rCold   . . .        k - +0 buckler
rNeg    . . .        p - +0 robe
rPois   .            (no helmet)
rElec   .            (no cloak)
rCorr   +            (no gloves)
SInv    .            r - +0 pair of boots
Will    .....        (no amulet)
Stlth   ++           l - ring of resist corrosion
HPRegen 0.30/turn    f - ring of magical power
MPRegen 0.19/turn

%: no passive effects
@: mighty, attractive, hasted, quick
A: icy blue scales 1, foul stench 1, powered by death 2, weakness stinger 2
a: Renounce Religion, Bend Time


You were on level 8 of the Dungeon.
You worshipped Cheibriados.
Cheibriados was aware of your devotion.
You visited 2 branches of the dungeon, and saw 9 of its levels.

You collected 331 gold pieces.
You spent 39 gold pieces at shops.

Inventory:

Hand Weapons
 a - a +3 spear of freezing (weapon)
   (You took it off a wight on level 5 of the Dungeon)
Missiles
 e - 11 javelins
Armour
 k - a +0 buckler (worn)
   (You found it on level 1 of the Dungeon)
 p - a +0 robe (worn)
 r - a +0 pair of boots (worn)
   (You found it on level 3 of the Dungeon)
Magical Staves
 b - a staff of air
   (You found it on level 7 of the Dungeon)
 H - a staff of conjuration {!a}
   (You found it on level 5 of the Dungeon)
Jewellery
 f - a ring of magical power (right hand)
   (You found it on level 6 of the Dungeon)
 l - a ring of resist corrosion (left hand)
   (You found it on level 1 of the Dungeon)
 t - a ring of positive energy
   (You found it on level 3 of the Dungeon)
Wands
 g - a wand of polymorph (11)
   (You found it on level 7 of the Dungeon)
 o - a wand of acid (31)
   (You took it off a goblin on level 2 of the Dungeon)
 z - a wand of paralysis (26)
   (You found it on level 4 of the Dungeon)
 C - a wand of flame (8)
   (You found it on level 4 of the Dungeon)
 E - a wand of iceblast (8)
   (You found it on level 6 of the Dungeon)
Scrolls
 h - 4 scrolls of noise {!r}
 i - 2 scrolls of amnesia
 n - 2 scrolls of fog
 q - 4 scrolls of poison {!r}
 u - 2 scrolls of enchant armour {unknown}
 w - a scroll of magic mapping {unknown}
 y - a scroll of torment {unknown}
 B - a scroll of fear {unknown}
 D - 3 scrolls of identify {@r1}
 G - 2 scrolls of teleportation {unknown}
 I - a scroll of silence {unknown}
Potions
 c - 5 potions of curing {@q1}
 d - 2 potions of might
 j - 2 potions of haste {@q3}
 m - 2 potions of heal wounds {unknown}
 s - 2 potions of attraction {!q}
 v - 2 potions of ambrosia {unknown}
 x - a potion of berserk rage {unknown}
 A - a potion of resistance {unknown}
 F - a potion of cancellation {unknown}
 J - a potion of brilliance {unknown}


   Skills:
 + Level 3.8 Fighting
 * Level 4.0 Polearms
 - Level 1.7 Dodging
 - Level 1.7 Stealth
 + Level 4.4 Spellcasting
 - Level 4.0 Conjurations
 - Level 10.3 Air Magic
 - Level 3.0 Evocations


You had 9 spell levels left.
You knew the following spells:

 Your Spells              Type           Power      Damage    Failure   Level
a - Shock                 Conj/Air       100%       1d9       1%          1
b - Static Discharge      Conj/Air       72%        2-5/arc   1%          2
c - Airstrike             Air            25%        2d(4-20)  2%          4

Your spell library contained the following spells:

 Spells                   Type           Power      Damage    Failure   Level
 Swiftness                Air            50%        N/A       1%          3
 Magic Dart               Conj           88%        1d7       3%          1
 Searing Ray              Conj           44%        2d6       4%          2
 Cigotuvi's Dreadful Rot  Necr/Pois/Air  40%        N/A       6%          2
 Apportation              Tloc           8%         N/A       16%         1
 Lesser Beckoning         Tloc           8%         N/A       24%         2
 Gell's Gravitas          Tloc           4%         N/A       43%         3
 Ignite Poison            Fire/Tmut/Pois 4%         N/A       43%         3
 Teleport Other           Tloc           4%         N/A       43%         3
 Freezing Cloud           Conj/Ice/Air   12%        6-21      52%         5
 Fulminant Prism          Conj/Hex       6%         3d7       56%         4
 Alistair's Intoxication  Tmut/Pois      2%         N/A       99%         5


Dungeon Overview and Level Annotations

Branches:
Dungeon (8/15) Zot: 40243  Temple (1/1) D:5 Zot: 8910
   Lair: D:8-11

Altars:
Ashenzari
Cheibriados
Dithmenos
Gozag
Hepliaklqana
Kikubaaqudgha
Makhleb
Nemelex Xobeh
Okawaru
Qazlal
Trog
Uskayaw
Vehumet
Wu Jian
Xom

Shops:
D:3 (*[**   D:4 :   D:5 (   D:7 *

Annotations:
D:8 1 transporter
Temple 2 transporters


Innate Abilities, Weirdness & Mutations

You are partially covered in icy blue scales. (AC +2)
You may rarely emit foul miasma when damaged in melee.
You regenerate health from kills.
You have a tail ending in a sharp stinger.


Message History

Cheibriados thoroughly appreciates the change of pace.
The centaur zombie is struck by an arc of lightning.
The centaur zombie is moderately damaged.
The lightning grounds out.
The unseen horror zombie barely misses you.
The unseen horror zombie hits you.
* * * LOW HITPOINT WARNING * * *
Your Polearms skill increases to level 4!
You feel very mighty all of a sudden. The unseen horror zombie hits you.
* * * LOW HITPOINT WARNING * * *
The unseen horror zombie hits you.
* * * LOW HITPOINT WARNING * * *
The unseen horror zombie hits you.
* * * LOW HITPOINT WARNING * * *
It was a potion of haste.
You feel yourself speed up.
Cheibriados forgives your accidental hurry, just this once.
The unseen horror zombie misses you. x2
The unseen horror zombie barely misses you.
Your +3 spear of freezing glows with a cold blue light!
a - a +3 spear of freezing (weapon)
You block the unseen horror zombie's attack.
You puncture the unseen horror zombie!
The unseen horror zombie is moderately damaged.
The unseen horror zombie hits you.
* * * LOW HITPOINT WARNING * * *
The unseen horror zombie barely misses you.
You puncture the unseen horror zombie!
The unseen horror zombie is heavily damaged.
The unseen horror zombie barely misses you.
You puncture the unseen horror zombie!
The unseen horror zombie is heavily damaged.
You block the unseen horror zombie's attack.
The unseen horror zombie barely misses you.
You puncture the unseen horror zombie!
The unseen horror zombie is severely damaged.
The unseen horror zombie hits you.
* * * LOW HITPOINT WARNING * * *
The unseen horror zombie hits you.
* * * LOW HITPOINT WARNING * * *
You feel better. The unseen horror zombie hits you.
* * * LOW HITPOINT WARNING * * *
You block the unseen horror zombie's attack.
Okay, then.
It was a potion of attraction.
You feel attractive to monsters. The unseen horror zombie hits you.
* * * LOW HITPOINT WARNING * * *
The unseen horror zombie hits you.
You die...

.. .. . .♣ ♣♣.♣ ..♣♣
##.♣.♣♣ ♣ ####
#####...♣.♣.♣ ...#########
#..@ZZ.....♣
...#.......###.###....♣.♣
[..#.#####..#..###..###..
)..#.##............###..#
........######.[#......#
......### ###.<.......##
......# ##...#.........#
......#####...###......#.#
........<.................


You could see a centaur zombie and an unseen horror zombie.

Vanquished Creatures
  Pikel (D:4)
  An unseen horror zombie (D:8)
  Sigmund (D:4)
  A steam dragon (D:6)
  4 yaks (D:6)
  Menkaure (D:4)
  An ice beast (D:6)
  An ogre (D:4)
  A centaur (D:6)
  2 phantoms (D:5)
  A lemure (D:4)
  3 bullfrogs
  A scorpion (D:5)
  8 wights
  A howler monkey (D:2)
  2 electric eels (D:8)
  A centaur zombie (D:8)
  A jelly (D:5)
  2 hounds
  3 orc priests
  3 sleepcaps
  3 iguanas
  4 orc wizards
  Natasha (thrice) (D:4)
  A gnoll (D:2)
  An adder (D:2)
  A shadow imp (D:7)
  2 ufetubi
  2 worms
  3 dart slugs
  12 orcs
  7 ball pythons
  6 endoplasms
  A giant cockroach (D:1)
  11 goblins
  9 hobgoblins
  14 jackals
  11 kobolds
  3 quokkas
  7 bats
  2 frilled lizards
  5 rats
148 creatures vanquished.

Notes
Turn   | Place    | Note
-------+----------+-------------------------------------------
     0 | D:1      | GeoRichter the Demonspawn Air Elementalist began the quest
                  | for the Orb.
     0 | D:1      | Reached XP level 1. HP: 13/13 MP: 3/3
     6 | D:1      | Noticed a scorpion
     6 | D:1      | Noticed a wyvern
     6 | D:1      | Noticed a water moccasin
     7 | D:1      | Noticed an iguana
     7 | D:1      | Noticed a black bear
    97 | D:1      | Reached skill level 3 in Air Magic
   175 | D:1      | Gained mutation: You may rarely emit foul miasma when
                  | damaged in melee. [demonic ancestry]
   175 | D:1      | Reached XP level 2. HP: 19/19 MP: 0/5
   750 | D:1      | Gained mutation: You have a small tail. [demonic ancestry]
   750 | D:1      | Reached XP level 3. HP: 24/24 MP: 2/6
  1189 | D:2      | Learned a level 2 spell: Static Discharge
  1473 | D:2      | Reached skill level 4 in Air Magic
  1797 | D:2      | Gained mutation: You regenerate a little health from kills.
                  | [demonic ancestry]
  1797 | D:2      | Reached XP level 4. HP: 30/30 MP: 0/7
  2547 | D:3      | Found Kefuile's General Store.
  2550 | D:3      | Found Otaitigugh's Antique Weapon Shoppe.
  2554 | D:3      | Bought a potion of curing for 39 gold pieces
  2599 | D:3      | Found a hide-covered altar of Uskayaw.
  2604 | D:3      | Found Kypyc's Armour Emporium.
  2604 | D:3      | Noticed an animated crystal plate armour
  2614 | D:3      | Noticed an animated crystal plate armour
  2692 | D:3      | Found Awueg's Assorted Antiques.
  2828 | D:3      | Found Aruewn's General Store.
  3092 | D:3      | Reached XP level 5. HP: 35/35 MP: 5/8
  3540 | D:3      | Found a faded altar of an unknown god.
  3732 | D:4      | Noticed Sigmund
  3735 | D:4      | Killed Sigmund
  3736 | D:4      | Reached skill level 5 in Air Magic
  3736 | D:4      | Gained mutation: You regenerate health from kills. [demonic
                  | ancestry]
  3736 | D:4      | Reached XP level 6. HP: 41/41 MP: 9/9
  3781 | D:4      | Noticed Pikel
  3791 | D:4      | Killed Pikel
  3792 | D:4      | Reached skill level 7 in Air Magic
  3792 | D:4      | Gained mutation: You are partially covered in icy blue
                  | scales. (AC +2) [demonic ancestry]
  3792 | D:4      | Reached XP level 7. HP: 38/46 MP: 4/10
  3911 | D:4      | Learned a level 4 spell: Airstrike
  4013 | D:4      | You fall into a shaft and drop 3 floors!
  4042 | D:6      | Noticed a steam dragon
  4050 | D:6      | Killed a steam dragon
  4051 | D:6      | Reached skill level 8 in Air Magic
  4220 | D:6      | Reached XP level 8. HP: 35/52 MP: 11/11
  4382 | D:5      | Entered Level 5 of the Dungeon
  4636 | D:5      | Reached skill level 9 in Air Magic
  5114 | D:5      | Reached skill level 10 in Air Magic
  5240 | D:4      | Found Lyzos's Book Shop.
  5241 | D:4      | Noticed Menkaure
  5243 | D:4      | Killed Menkaure
  5342 | D:4      | Noticed Natasha
  5344 | D:4      | Killed Natasha
  5925 | D:4      | Noticed Natasha
  5926 | D:4      | Killed Natasha
  5977 | D:4      | Reached skill level 1 in Evocations
  5977 | D:4      | Gained mutation: You have a tail ending in a sharp stinger.
                  | [demonic ancestry]
  5977 | D:4      | Reached XP level 9. HP: 58/58 MP: 9/12
  5993 | D:4      | Noticed Natasha
  5994 | D:4      | Killed Natasha
  6343 | D:5      | Found Racouz's Antique Weapon Shoppe.
  6438 | D:5      | Found a staircase to the Ecumenical Temple.
  6485 | Temple   | Entered the Ecumenical Temple
  6485 | Temple   | Found a transporter.
  6485 | Temple   | Found a transporter.
  6487 | Temple   | Found a transporter.
  6487 | Temple   | Found a transporter.
  6528 | Temple   | Became a worshipper of Cheibriados the Contemplative
  6553 | D:5      | Reached skill level 1 in Fighting
  7144 | D:6      | Reached skill level 1 in Polearms
  8329 | D:7      | Found Putol's Neck Hole.
  8751 | D:7      | Reached * piety under Cheibriados
  8912 | D:8      | Found a transporter.
  8987 | D:8      | HP: 3/65 [unseen horror zombie (4)]
  8989 | D:8      | Slain by an unseen horror zombie

Illustrated notes

Levels and vault maps discovered:
D:1:      onia_arrival_zoo_common, layout_rooms, interstate_on_off
D:2:      layout_loops_ring, minmay_misc_feat_more_columns, minivault_5,
          st_stairs_7, amcnicky_mini_pool_small
D:3:      layout_basic, eat_drink_and_be_merry_uskayaw, serial_shops,
          nicolae_shop_tiny_statue_garden, nicolae_shop_mannequins, shop, shop,
          shop, ebering_ecumenical_altar_hall, nicolae_figureground_pulse
D:4:      layout_loops_corners, serial_shops, shop_fountains, uniq_sigmund,
          uniq_natasha, uniq_menkaure, uniq_pikel
D:5:      layout_loops_cross, minmay_temple_entry_glassed_door, serial_shops,
          nicolae_shop_crystal
D:6:      layout_loops_ring
D:7:      hellmonk_destroyed_diamonds, layout_basic, hex_intersection,
          nicolae_shop_sticking_my_neck_out
D:8:      layout_rooms, nicolae_yredelemnul_corpse_copse,
          gammafunk_ghost_stat_death, st_stairs_9, minmay_crystal_water,
          minmay_nine_imps
Temple:   hellmonk_temple_divided_pantheon

Skill      XL: |  1  2  3  4  5  6  7  8  9 |
---------------+----------------------------+-----
Air Magic      | 3 4 5 7 8 10 | 10.3
Conjurations   | 2 3 4 |  4.0
Evocations     | 1 3 |  3.0
Fighting       | 3 |  3.8
Spellcasting   | 4 |  4.4
Polearms       | 4 |  4.0
Dodging        | |  1.7
Stealth        | |  1.7

Action                     |  1- 3 |  4- 6 |  7- 9 || total
---------------------------+-------+-------+-------++-------
  Melee: Dagger            |    16 |       |       ||    16
         Tailslap          |     5 |       |     3 ||     8
         Spear             |       |       |    12 ||    12
   Cast: Shock             |    99 |    60 |   120 ||   279
         Static Discharge  |       |       |    68 ||    68
         Airstrike         |       |       |    26 ||    26
  Evoke: Wand              |       |     7 |     2 ||     9
    Use: Potion            |     1 |       |     5 ||     6
         Scroll            |       |       |     4 ||     4
 Armour: Robe              |     5 |     2 |    27 ||    34
  Dodge: Dodged            |    31 |     3 |    57 ||    91
  Block: Buckler           |       |       |    12 ||    12
